Map: Ruines d’Endion

Players

Aranoch

  • Race: Zerg Zerg
  • League: Diamond

Worming - Winner!

  • Race: Zerg Zerg
  • League: Diamond

VOD

Have the link to the VOD?

Description

Time

  • Played on: May 3, 2016, 12:08 p.m.
  • Length: 10:48
Show
View Real Time Build Order
Export as new Build Order

Aranoch Zerg 

Build Orders: Hatch First 

Get SALT Encoding   

  12  0:04  Drone  
  13  0:13  Overlord  
  13  0:18  Drone  
  14  0:31  Drone  
  14  0:32  Drone  
  16  0:37  Drone  
  17  0:55  Hatchery  
  16  0:57  Drone  
  16  1:01  Extractor  
  16  1:03  Drone  
  17  1:18  Spawning Pool  
  16  1:21  Drone  
  17  1:26  Drone  
  17  1:31  Drone  
  19  1:43  Overlord  
  19  2:05  Metabolic Boost  
  19  2:06  Queen  
  19  2:07  Zergling x2  
  22  2:08  Queen  
  22  2:12  Zergling x2  
  25  2:16  Drone  
  25  2:22  Drone x2  
  28  2:27  Drone  
  29  2:30  Drone  
  29  2:37  Drone  
  31  2:39  Overlord  
  31  2:47  Queen  
  32  2:54  Zergling x4  
  32  2:57  Drone  
  35  3:03  Zergling x2  
  36  3:11  Zergling x2  
  36  3:14  Zergling x4  
  36  3:15  Zergling x4  
  36  3:18  Zergling x2  
  36  3:19  Zergling x4  
  43  3:33  Zergling x2  
  43  3:34  Zergling x2  
  43  3:48  Drone  
  44  3:50  Lair  
  44  3:51  Overlord  
  44  3:52  Overlord  
  42  4:04  Drone x2  
  42  4:05  Baneling Nest, Overlord  
  42  4:08  Zergling x2  
  44  4:14  Drone x4  
  44  4:16  Burrow  
  48  4:19  Drone, Extractor  
  48  4:20  Drone  
  48  4:21  Extractor  
  48  4:26  Drone  
  49  4:32  Drone x4  
  53  4:40  Drone  
  54  4:55  Zergling x8  
  58  5:02  Drone x2  
  60  5:07  Spire  
  60  5:10  Drone  
  60  5:11  Drone x2  
  60  5:12  Drone  
  63  5:18  Drone x2  
  50  5:32  Drone x2, Extractor  
  51  5:46  Baneling  
  51  5:47  Baneling x10  
  51  5:49  Zergling x8  
  55  5:58  Zergling x4  
  45  6:13  Zergling x8  
  49  6:19  Zergling x4  
  51  6:27  Queen  
  51  6:29  Spire  
  51  6:31  Drone x3  
  56  6:32  Drone  
  56  6:33  Drone  
  56  6:35  Queen, Hatchery  
  58  6:48  Zergling x4  
  58  6:49  Baneling  
  58  6:50  Baneling x17  
  58  6:52  Zergling x2  
  61  6:55  Drone  
  61  7:11  Zergling x6  
  61  7:12  Zergling x4  
  50  7:26  Zergling x4  
  50  7:27  Zergling x2  
  41  7:33  Zergling x6  
  37  7:38  Drone x2  
  37  7:56  Zergling x2, Mutalisk  
  37  7:57  Zergling x2  
  38  8:02  Drone x3  
  41  8:11  Mutalisk x3  
  47  8:14  Queen  
  49  8:20  Drone x3  
  52  8:31  Zerg Flyer Weapons Level 1, Mutalisk  
  52  8:32  Mutalisk  
  52  8:34  Zergling x4  
  58  8:38  Drone  
  59  8:46  Mutalisk  
  59  8:48  Zergling x4  
  63  8:58  Zergling x8  
  66  9:11  Drone  
  66  9:14  Spore Crawler  
  63  9:18  Spore Crawler, Drone x2  
  64  9:25  Spore Crawler  
  64  9:29  Spore Crawler  
  62  9:37  Spore Crawler  
  59  9:38  Overlord x2  
  59  9:49  Overlord  
  59  9:55  Overlord  
  57  10:19  Mutalisk  
  56  10:29  Drone  
  56  10:30  Overlord x3  
  39  10:43  Spore Crawler  
Show
View Real Time Build Order
Export as new Build Order

Worming Zerg - Winner!

Build Orders: Hatch First, Zergling Baneling 

Get SALT Encoding   

  12  0:01  Drone  
  13  0:12  Overlord  
  13  0:18  Drone  
  14  0:31  Drone x2  
  16  0:41  Drone  
  17  0:53  Hatchery  
  17  0:56  Drone  
  17  0:59  Drone  
  17  1:02  Extractor  
  17  1:16  Spawning Pool  
  16  1:19  Drone  
  16  1:23  Drone  
  18  1:31  Drone  
  19  1:39  Overlord  
  19  2:03  Overlord  
  19  2:04  Zergling x2  
  19  2:05  Queen, Metabolic Boost  
  22  2:09  Queen  
  25  2:15  Drone  
  25  2:17  Zergling x2  
  25  2:20  Zergling x2  
  27  2:30  Zergling x4  
  29  2:38  Baneling Nest  
  28  2:45  Drone x3  
  31  3:00  Drone x3  
  33  3:19  Zergling x12  
  40  3:20  Zergling x2  
  39  3:34  Zergling x2  
  39  3:35  Zergling x6  
  41  3:45  Baneling x2  
  41  3:56  Drone x3  
  41  3:58  Overlord x2, Hatchery  
  43  4:12  Drone  
  43  4:13  Overlord  
  43  4:14  Overlord  
  44  4:18  Baneling  
  44  4:19  Baneling x4  
  44  4:29  Drone x6  
  49  4:56  Baneling x3  
  44  5:06  Zergling x2  
  44  5:07  Zergling x16  
  47  5:21  Zergling x2  
  47  5:22  Zergling x6  
  47  5:27  Baneling x6  
  51  5:29  Queen  
  51  5:31  Lair  
  51  5:34  Extractor  
  52  5:37  Drone x6  
  52  5:41  Extractor  
  57  6:02  Baneling  
  44  6:31  Zergling x24  
  56  6:36  Extractor  
  56  6:37  Extractor  
  56  6:39  Spine Crawler x2  
  52  6:40  Overlord, Extractor  
  51  6:47  Queen  
  51  6:48  Queen  
  55  6:54  Drone  
  55  6:55  Drone x3  
  55  6:56  Drone x3  
  55  6:57  Drone  
  58  7:05  Baneling x3  
  58  7:06  Zergling x2  
  58  7:07  Zergling x8  
  63  7:20  Spire  
  51  7:43  Drone x4  
  51  7:44  Drone x4  
  52  8:08  Overlord  
  52  8:09  Overlord  
  52  8:14  Drone x2  
  52  8:15  Drone x3  
  57  8:20  Baneling x2  
  57  8:31  Mutalisk x8  
  73  8:36  Zerg Flyer Armor Level 1  
  73  8:50  Pneumatized Carapace  
  71  8:58  Corruptor, Mutalisk  
  71  8:59  Mutalisk x2  
  79  9:14  Baneling x2  
  79  9:15  Baneling x2  
  79  9:16  Mutalisk x2  
  80  9:22  Drone x5  
  85  9:39  Mutalisk x4  
  93  9:52  Infestation Pit  
  92  9:56  Overlord  
  92  9:57  Overlord  
  92  10:12  Mutalisk x3  
  98  10:15  Zergling x2  
  99  10:23  Zergling x18  
  99  10:27  Zergling x12  
Tags
 
Add a new tag
Caveats
  • Supply blocks, unpowered buildings, or Contaminate may cause inaccurate times.
  • Supply counts are checked every 10 seconds.